 Dungeon Crawl Stone Soup version 0.27-a0-898-g810843a28d (webtiles) character file.

Game seed: 6161690658520158973

2603 Alarkh the Martial Artist (level 9, -2/61 HPs)
             Began as a Demonspawn Gladiator on Apr 5, 2021.
             Slain by an orc knight
             ... wielding a +0 halberd
              (23 damage)
             ... in a bailey.
             The game lasted 00:10:40 (6537 turns).

Alarkh the Martial Artist (Demonspawn Gladiator)    Turns: 6537, Time: 00:10:41

Health: -2/61      AC: 17    Str: 15    XL:     9   Next: 33%
Magic:  9/9        EV: 12    Int: 17    God:
Gold:   349        SH:  0    Dex: 15    Spells: 8/8 levels left

rFire    . . .     SeeInvis .     - Unarmed
rCold    . . .     Faith    .   (no shield)
rNeg     . . .     Spirit   .   s - +7 leather armour "Coimpaopn" {Int+5}
rPois    +         Reflect  .   b - +0 helmet
rElec    .         Harm     .   (no cloak)
rCorr    .         Rampage  .   j - +1 pair of gloves
Will     .....                  (no boots)
Stlth    +.........             (no amulet)
HPRegen  0.20/turn              f - +4 ring of protection
MPRegen  0.11/turn              r - ring of poison resistance

@: no status effects
A: talons 1, powered by death 2, powered by pain 1
a: no special abilities


You were in a bailey.
You visited 1 branch of the dungeon, and saw 7 of its levels.
You also visited: Bailey.

You collected 349 gold pieces.

Inventory:

Missiles
 c - 3 throwing nets (quivered)
Armour
 a - a +0 leather armour
 b - a +0 helmet (worn)
 j - a +1 pair of gloves (worn)
 p - a +2 robe of fire resistance
 s - the +7 leather armour "Coimpaopn" (worn) {Int+5}
   (You found it on level 5 of the Dungeon)

   It affects your intelligence (+5).
Jewellery
 f - a +4 ring of protection (left hand)
 r - a ring of poison resistance (right hand)
 w - an amulet of the acrobat
Wands
 g - a wand of mindburst (1)
 u - a wand of acid (5)
 A - a wand of flame (13)
Scrolls
 d - a scroll of magic mapping
 e - a scroll of summoning {unknown}
 h - 2 scrolls of amnesia {unknown}
 i - 2 scrolls of identify
 k - a scroll of noise {unknown}
 n - a scroll of vulnerability {unknown}
 o - a scroll of enchant armour {unknown}
 q - a scroll of immolation {unknown}
 t - 2 scrolls of teleportation {unknown}
 y - a scroll of fog {unknown}
Potions
 l - 2 potions of cancellation
 v - a potion of curing {unknown}
 x - a potion of heal wounds
 z - a potion of lignification


   Skills:
 - Level 2.0 Fighting
 - Level 1.7 Throwing
 - Level 2.6 Dodging
 + Level 11.8 Unarmed Combat


You had 8 spell levels left.
You didn't know any spells.
Your spell library contained the following spells:

 Spells                   Type           Power      Damage    Failure   Level
 Animate Skeleton         Necr           0%         N/A       28%         1
 Apportation              Tloc           0%         N/A       28%         1
 Corona                   Hex            0%         N/A       28%         1
 Freeze                   Ice            0%         1d3       28%         1
 Summon Small Mammal      Summ           0%         N/A       28%         1
 Confusing Touch          Hex            0%         N/A       65%         3
 Frozen Ramparts          Ice            0%         1d2       65%         3
 Gell's Gravitas          Tloc           0%         N/A       65%         3
 Ozocubu's Armour         Ice            0%         N/A       65%         3
 Hailstorm                Conj/Ice       0%         3d3       96%         4
 Petrify                  Tmut/Erth      0%         N/A       96%         4
 Summon Ice Beast         Ice/Summ       0%         N/A       96%         4
 Metabolic Englaciation   Hex/Ice        0%         N/A       100%        5
 Yara's Violent Unravell  Hex/Tmut       0%         3d3       100%        5


Dungeon Overview and Level Annotations

Branches:
Dungeon (8/15)             Bailey (1/1)
 Temple: D:4-7         Lair: D:8-11

Altars:
Cheibriados
Hepliaklqana
Nemelex Xobeh
Qazlal
Trog
Zin
The Shining One

Shops:
D:1 [   D:5 ?

Annotations:
D:6 2 transporters, 3 runed translucent doors, bmj180's ghost, novice GrEE


Innate Abilities, Weirdness & Mutations

You have sharp toenails.
You regenerate health from kills.
You sometimes gain a little power by taking damage.


Message History

Things that are here:
a +0 trident; a +0 scale mail You start resting.
You feel a little less mighty now.
You start resting.
HP restored.
You start resting.
HP restored.
The orc knight shouts!
The orc knight roars a battlecry!
The orc knight goes into a battle-frenzy!
The orc knight shouts!
There is an open door here.
Aiming: Corrosive Bolt
Press: ? - help, Shift-Dir - straight line, f - orc knight, p - orc knight
Aim: an orc knight, wielding a +0 halberd and wearing a +0 scale mail (strong, 36% to evade)
The bolt of acid misses the orc knight.
The bolt of acid hits the orc knight!
The orc knight is splashed with acid.
The orc knight is moderately wounded.
The orc knight hits you from afar with a +0 trident.
The orc knight roars a battlecry!
The orc knight goes into a battle-frenzy!
That's the wrong kind of item! (Use * to select it.) Evoke which item? (* to show all) (? for menu, Esc to quit)
You don't have any such object.
Evoke which item? (* to show all) (? for menu, Esc to quit)
Okay, then.
There is an open door here.
Aiming: Corrosive Bolt
Press: ? - help, Shift-Dir - straight line, p - orc knight
Okay, then.
The orc knight hits you from afar with a +0 trident!
Aiming: Corrosive Bolt
Press: ? - help, Shift-Dir - straight line, p - orc knight
Okay, then.
The orc knight barely misses you.
There is an open door here.
The orc knight hits you from afar with a +0 trident!!
The orc knight hits you from afar with a +0 halberd!!
You die...

#### ##..........≈.# ######
##+#############.≈.# .$$$.#
.........#'.....##.≈.# #
.§§≈≈≈≈≈..##...##..≈.# ##
≈≈.....≈≈..##.##..≈≈.# .#
§§.§⌠...≈≈..#'#.)≈≈.## .#
§..⌠∩⌠.o≈≈..#'#).≈≈.∩# ##
§≈....o≈≈..## ##.)≈≈.# #
.≈§≈≈≈≈≈.@# ##..≈.#
.........## ##.≈.#
###########+###'#########.≈.#
)..))))##.....##...)..)...≈.#
≈≈≈≈≈≈).##.∩.##.)≈≈≈≈≈≈≈≈≈≈.#
.....≈≈..## ##..≈≈..........#
####..≈≈..###..≈≈..##########
##..≈≈.....≈≈..##
##..≈≈≈≈≈≈≈..##


You could see 2 orc knights.

Vanquished Creatures
  4 yaks (D:8)
  Menkaure (D:5)
  A water moccasin (D:6)
  A sky beast (D:6)
  4 orc warriors
  A black bear (D:5)
  A necrophage (D:6)
  4 ogres
  3 centaurs
  A gnoll sergeant (D:8)
  2 bullfrog zombies
  A jelly (D:5)
  2 orc priests
  2 hounds (D:5)
  4 orc wizards
  6 gnolls (D:8)
  5 adders
  A white imp (D:6)
  An adder skeleton (D:4)
  A worm (D:2)
  4 dart slugs
  28 orcs
  An endoplasm (D:4)
  A giant cockroach (D:1)
  7 goblins
  12 hobgoblins
  10 jackals
  6 quokkas
  A ball python (D:4)
  3 bats
  2 frilled lizards
  10 kobolds
131 creatures vanquished.

Notes
Turn   | Place    | Note
-------+----------+-------------------------------------------
     0 | D:1      | Alarkh the Demonspawn Gladiator began the quest for the
                  | Orb.
     0 | D:1      | Reached XP level 1. HP: 16/16 MP: 1/1
    85 | D:1      | Reached skill level 3 in Unarmed Combat
   178 | D:1      | Gained mutation: You regenerate a little health from kills.
                  | [demonic ancestry]
   178 | D:1      | Reached XP level 2. HP: 17/22 MP: 2/2
   188 | D:1      | Found Qisisum's Armour Boutique.
   314 | D:1      | Found a faded altar of an unknown god.
   961 | D:1      | Reached XP level 3. HP: 11/27 MP: 3/3
  1174 | D:2      | Reached skill level 4 in Unarmed Combat
  1721 | D:2      | Gained mutation: You sometimes gain a little power by
                  | taking damage. [demonic ancestry]
  1721 | D:2      | Reached XP level 4. HP: 27/33 MP: 4/4
  1977 | D:3      | Noticed an ogre
  2418 | D:4      | Noticed a centaur
  2432 | D:4      | Killed a centaur
  2433 | D:4      | Reached skill level 5 in Unarmed Combat
  2433 | D:4      | Reached XP level 5. HP: 38/38 MP: 5/5
  3263 | D:3      | Killed an ogre
  3264 | D:3      | Reached skill level 6 in Unarmed Combat
  3356 | D:4      | Reached XP level 6. HP: 38/44 MP: 6/6
  3468 | D:4      | Found a bloodstained altar of Trog.
  3716 | D:5      | Entered Level 5 of the Dungeon
  3729 | D:5      | Found Tetadghokh's Magic Scroll Shop.
  4074 | D:5      | Reached skill level 7 in Unarmed Combat
  4201 | D:5      | Gained mutation: You regenerate health from kills. [demonic
                  | ancestry]
  4201 | D:5      | Reached XP level 7. HP: 32/50 MP: 7/7
  4331 | D:5      | Identified the +7 leather armour "Coimpaopn" {Int+5}
  4345 | D:5      | Found a snail-covered altar of Cheibriados.
  4547 | D:5      | Found a hazy altar of Hepliaklqana.
  4584 | D:5      | Noticed Menkaure
  4595 | D:5      | Killed Menkaure
  4596 | D:5      | Reached skill level 8 in Unarmed Combat
  5008 | D:6      | Found a transporter.
  5019 | D:6      | Noticed a kobold demonologist
  5021 | D:6      | Noticed a kobold demonologist
  5025 | D:6      | Found a transporter.
  5368 | D:6      | Found a sparkling altar of Nemelex Xobeh.
  5398 | D:6      | Reached skill level 9 in Unarmed Combat
  5398 | D:6      | Reached XP level 8. HP: 56/56 MP: 8/8
  5585 | D:6      | Found a runed translucent gate.
  5585 | D:6      | Found a runed translucent gate.
  5585 | D:6      | Found a runed translucent gate.
  5585 | D:6      | Noticed bmj180's ghost (novice GrEE)
  5737 | D:6      | You fall into a shaft and drop 2 floors!
  5805 | D:8      | Reached skill level 10 in Unarmed Combat
  5904 | D:8      | Reached skill level 11 in Unarmed Combat
  5904 | D:8      | Gained mutation: You have sharp toenails. [demonic
                  | ancestry]
  5904 | D:8      | Reached XP level 9. HP: 14/61 MP: 9/9
  5961 | D:8      | Found a stormy altar of Qazlal.
  6058 | D:8      | Found a flagged portal.
  6094 | Bailey   | Entered a bailey
  6341 | Bailey   | Noticed an orc knight
  6341 | Bailey   | Noticed an orc knight
  6537 | Bailey   | Slain by an orc knight

Illustrated notes

Levels and vault maps discovered:
D:1:      dpeg_arrival_rhombi, layout_basic, basic_ecumenical_altar,
          serial_shops, shop
D:2:      layout_loops_ring, minmay_pentomino_w2
D:3:      layout_loops_corners, serial_aquarium, aquarium_bridge_square
          [aquarium_subvault_bridge, aquarium_subvault_wall,
          aquarium_subvault_bridge, aquarium_subvault_wall], aquarium_window_2,
          aquarium_window_double, aquarium_window_corridor_1,
          aquarium_window_fake, aquarium_view_2c, aquarium_pool_1
D:4:      layout_loops_corners, trog_book
D:5:      layout_basic, nicolae_tso_carved_into_rock, kennysheep_slug_shrine,
          general_overflow_altar, old_standard_altar, serial_shops, shop,
          uniq_menkaure
D:6:      gammafunk_wand_slinger, layout_basic, nicolae_overflow_hidden_temple,
          ebering_ghost_rock_garden
D:8:      layout_cave_pools, lemuel_coloured_pillars_altar,
          nicolae_overflow_crystal_walls, enter_bailey_7, lemuel_old_faithful,
          uniq_grum
Bailey:   bailey_polearm_1, bailey

Skill      XL: |  1  2  3  4  5  6  7  8 |
---------------+-------------------------+-----
Unarmed Combat | 3 4 5 6 7 9 11 | 11.8
Fighting       | |  2.0
Throwing       | |  1.7
Dodging        | |  2.6

Action                   |  1- 3 |  4- 6 |  7- 9 || total
-------------------------+-------+-------+-------++-------
Melee: Unarmed           |   205 |   140 |   214 ||   559
       Punch             |     2 |     5 |    10 ||    17
       Kick              |       |       |    10 ||    10
Evoke: Wand              |       |     4 |    20 ||    24
  Use: Potion            |       |     5 |     2 ||     7
       Scroll            |       |     2 |       ||     2
 Stab: Sleeping          |     1 |     1 |       ||     2
Armor: Leather armour    |    66 |    16 |   120 ||   202
       Robe              |       |    12 |     2 ||    14
       Skin              |       |     1 |       ||     1
Dodge: Dodged            |   121 |    73 |   173 ||   367

Table legend: (Time is in decaauts)
 A = Elapsed time spent in this place.
 B = Non-inter-level travel time spent in this place.
 C = Inter-level travel time spent in this place.
 D = Time resting spent in this place.
 E = Time spent auto-exploring this place.
 F = Levels seen in this place.
 G = Mean time per level.
                   A        B        C        D        E       F      G
               +--------+--------+--------+--------+--------+-----+--------+
         Total |   6473 |   6247 |    226 |    836 |   4088 |   8 |  809.1 |
       Dungeon |   6041 |   5815 |    226 |    668 |   4045 |   7 |  863.0 |
        Bailey |    431 |    431 |      0 |    168 |     43 |   1 |  431.0 |
               +--------+--------+--------+--------+--------+-----+--------+

Top non-repeatable levels by time:
     D:5: 1223 daAuts
     D:1: 974 daAuts
     D:2: 939 daAuts
     D:3: 906 daAuts
     D:4: 875 daAuts
     D:6: 779 daAuts
  Bailey: 431 daAuts
     D:8: 341 daAuts
